 Dungeon Crawl Stone Soup version 0.26.1-11-gd32895ea62 (webtiles) character file.

Game seed: 9931989182773435041

66 Descartes the Ducker (level 3, 0/15 HPs)
             Began as a Felid Transmuter on July 6, 2021.
             Slain by a goblin
             ... wielding a +2 dagger of speed
              (4 damage)
             ... on level 2 of the Dungeon.
             The game lasted 00:02:44 (1908 turns).

Descartes the Ducker (Felid Transmuter)             Turns: 1908, Time: 00:02:45

Health: 0/15       AC:  1    Str:  7    XL:     3   Next: 96%
Magic:  7/7        EV: 19    Int: 14    God:
Gold:   81         SH:  0    Dex: 16    Spells: 5/6 levels left
                                        Lives:  0   Deaths: 0

rFire    . . .     SeeInvis +     - Unarmed
rCold    . . .     Faith    .   (shield unavailable)
rNeg     . . .     Spirit   .   (armour unavailable)
rPois    .         Reflect  .   (helmet unavailable)
rElec    .         Harm     .   (cloak unavailable)
rCorr    .         Rampage  .   (gloves unavailable)
Will     .....                  (boots unavailable)
Stlth    ++........             (no amulet)
HPRegen  0.05/turn              (no ring)
MPRegen  0.10/turn              (no ring)

@: quick
A: very small, no armour, no weapons or thrown items, stealth, claws 1, fangs 3,
see invisible, speed 1, shaggy fur 1, sharp paws
a: no special abilities


You were on level 2 of the Dungeon.
You visited 1 branch of the dungeon, and saw 2 of its levels.

You collected 81 gold pieces.

Inventory:

Scrolls
 a - a scroll of enchant weapon {unknown}
 b - a scroll of remove curse
 d - a scroll of random uselessness {unknown}
Potions
 c - a potion of flight {unknown}


   Skills:
 - Level 1.0 Fighting
 + Level 3.8 Dodging
 + Level 0.9 Stealth
 + Level 3.7 Unarmed Combat
 - Level 2.0 Spellcasting
 + Level 3.1 Transmutations


You had 5 spell levels left.
You knew the following spells:

 Your Spells              Type           Power        Failure   Level
a - Beastly Appendage     Tmut           20%          6%          1

Your spell library contained the following spells:

 Spells                   Type           Power        Failure   Level
 Wereblood                Tmut           10%          10%         2
 Spider Form              Tmut/Pois      2%           36%         3
 Ice Form                 Ice/Tmut       5%           77%         4
 Blade Hands              Tmut           5%           87%         5


Dungeon Overview and Level Annotations

Branches:
Dungeon (2/15)

Altars:


Innate Abilities, Weirdness & Mutations

You cannot wear armour.
You are incapable of wielding weapons or throwing items.
Your paws allow you to move quietly. (Stealth)
You have sharp claws.
You have razor-sharp teeth.
You have supernaturally acute eyesight. (SInv)
You cover ground quickly.
You are covered in fur. (AC +1)
Your sharp claws are effective at attacking unaware monsters.


Message History

The orc is almost dead.
The orc barely misses you.
You scratch the orc but do no damage.
The orc is almost dead.
The orc hits you with a +0 hand axe.
You see here a stone.
Things that are here:
3 stones; a kobold corpse Your horns disappear.
A goblin comes into view. It is wielding a +2 dagger of speed.
The goblin shouts!
The goblin completely misses you.
You closely miss the goblin. The goblin barely misses you.
You barely miss the goblin. The goblin barely misses you.
The goblin hits you with a +2 dagger of speed.
* * * LOW HITPOINT WARNING * * *
You barely miss the goblin. The goblin completely misses you.
The goblin misses you.
The goblin hits you with a +2 dagger of speed.
You die...

###.#.###########
... #..
.......o.o.o....#
#.##.#
###.#.#########o#
#.<).# #....# #.#
#..#.# ......#
#o# ....###.
###+### #.# ##..#
# ##o## ### #.g.#
#..@# #.......#
#.#####... # .###
.# .# .. .#


You could see 3 orcs and a goblin.

Vanquished Creatures
  2 adders (D:2)
  An ooze (D:1)
  3 dart slugs
  A leopard gecko (D:1)
  2 orcs (D:2)
  A giant cockroach (D:1)
  8 goblins
  2 hobgoblins (D:1)
  4 bats
  A frilled lizard (D:1)
  5 kobolds
  6 rats (D:1)
36 creatures vanquished.

Notes
Turn   | Place    | Note
-------+----------+-------------------------------------------
     0 | D:1      | Descartes the Felid Transmuter began the quest for the Orb.
     0 | D:1      | Reached XP level 1. HP: 9/9 MP: 4/4
   387 | D:1      | Reached XP level 2. HP: 12/12 MP: 4/6
   807 | D:1      | Reached XP level 3. HP: 15/15 MP: 5/7
  1908 | D:2      | Slain by a goblin

Illustrated notes

Levels and vault maps discovered:
D:1:      kennysheep_arrival_seaside, layout_loops_ring,
          minmay_misc_feat_secret_circle
D:2:      minmay_chambers_of_ones, layout_loops_corners, eino_tiny_chamber

Skill      XL: |  1  2  3 |
---------------+----------+-----
Dodging        | 3 |  3.8
Transmutations | 3 |  3.1
Fighting       | |  1.0
Stealth        | |  0.9
Unarmed Combat | |  3.7
Spellcasting   | |  2.0

Action                   || total
-------------------------++-------
Melee: Unarmed           ||   100
       Headbutt          ||     7
       Bite              ||     5
       Punch             ||     1
 Cast: Beastly Appendage ||    23
  Use: Scroll            ||     1
       Potion            ||     1
 Stab: Sleeping          ||     2
       Distracted        ||     1
Armor: Skin              ||     3
Dodge: Dodged            ||    77
